 Dungeon Crawl Stone Soup version 0.26-a0-969-g2c58977ddd (console) character file.

Game seed: 4694497067418494343

9971 Ignak the Thaumaturge (level 11, -3/83 HPs)
             Began as a Gnoll Hedge Wizard on Dec 4, 2020.
             Was a Priest of Sif Muna.
             Slain by a minotaur zombie (7 damage)
             ... in a Gauntlet.
             The game lasted 00:53:57 (15854 turns).

Ignak the Thaumaturge (Gnoll Hedge Wizard)         Turns: 15854, Time: 00:53:57

Health: -3/83      AC: 14    Str:  8    XL:     11   Next: 54%
Magic:  24/24      EV: 20    Int: 27    God:    Sif Muna [***...]
Gold:   692        SH:  7    Dex: 27    Spells: 12/29 levels left

rFire    . . .     SeeInvis .   J - +1 war axe (flame)
rCold    . . .     Faith    .   q - +0 buckler
rNeg     . . .     Spirit   .   F - +2 robe of the Echidna {rElec Str-5 Int+3 Dex+6}
rPois    .         Reflect  .   O - +0 hat of the Sunfish {Int+5}
rElec    +         Harm     .   G - +0 cloak
rCorr    .         Rampage  .   E - +1 pair of gloves
MR       .....     NoTele   +   u - +2 pair of boots
Stlth    ++++......             a - amulet of magic regeneration
HPRegen  0.23/turn              j - +6 ring of dexterity
MPRegen  0.44/turn              r - +4 ring of protection

@: no status effects
A: distributed training, antennae 1, fangs 1, see invisible, [blurry vision 2],
deformed body, [no potion heal 2], strong nose
a: Channel Magic, Forget Spell, Renounce Religion


You were in a Gauntlet.
You worshipped Sif Muna.
Sif Muna was most pleased with you.
You visited 3 branches of the dungeon, and saw 14 of its levels.
You also visited: Ossuary and Gauntlet.

You collected 692 gold pieces.

Inventory:

Hand Weapons
 p - a +2 bardiche of freezing
 J - a +1 war axe of flaming (weapon)
Missiles
 w - 41 poisoned darts (quivered)
Armour
 c - a +0 hat
 q - a +0 buckler (worn)
 u - a +2 pair of boots (worn)
 E - a +1 pair of gloves (worn)
 F - the +2 robe of the Echidna (worn) {rElec Str-5 Int+3 Dex+6}
   (You found it on level 7 of the Dungeon)

   It affects your strength (-5).
   It affects your intelligence (+3).
   It affects your dexterity (+6).
   It insulates you from electricity.
 G - a +0 cloak (worn)
 K - +0 acid dragon scales
 N - the +1 pair of gloves "Bumequrph" {Regen+ rCorr Str+5, unknown}
   (You found it in a Gauntlet)

   It affects your strength (+5).
   It increases your rate of regeneration.
   It provides partial protection from all sources of acid and corrosion.
 O - the +0 hat of the Sunfish (worn) {Int+5}
   (You found it in a Gauntlet)

   It affects your intelligence (+5).
Jewellery
 a - an amulet of magic regeneration (around neck)
 i - an uncursed ring of stealth
 j - a +6 ring of dexterity (left hand)
 l - an uncursed ring of resist corrosion
 r - a +4 ring of protection (right hand)
 y - an uncursed ring of positive energy
 D - an uncursed ring of protection from magic
Wands
 k - a wand of digging (3)
 m - a wand of acid (5)
 t - a wand of polymorph (16)
 v - a wand of flame (23)
 x - a wand of random effects (42)
 B - a wand of disintegration (4)
 C - a wand of iceblast (2)
Scrolls
 g - 2 scrolls of blinking
 n - a scroll of amnesia
 o - 6 scrolls of remove curse
 s - 2 scrolls of teleportation
 H - a scroll of brand weapon
 I - a scroll of fog
 L - a scroll of enchant armour
Potions
 b - a potion of flight
 d - 4 potions of curing
 e - 5 potions of brilliance
 f - a potion of ambrosia
 h - 2 potions of heal wounds
 z - 3 potions of might
 A - a potion of lignification
 M - a potion of resistance


   Skills:
 + Level 6.4 Fighting
 + Level 6.4 Short Blades
 + Level 6.4 Long Blades
 + Level 6.4 Axes
 + Level 6.4 Maces & Flails
 + Level 6.4 Polearms
 + Level 6.4 Staves
 + Level 6.4 Slings
 + Level 6.4 Bows
 + Level 6.4 Crossbows
 + Level 6.4 Throwing
 + Level 6.4 Armour
 + Level 8.0 Dodging
 + Level 7.7 Stealth
 + Level 6.4 Shields
 + Level 6.4 Unarmed Combat
 + Level 9.6 Spellcasting
 + Level 5.8 Conjurations
 + Level 5.3 Hexes
 + Level 5.8 Summonings
 + Level 5.3 Necromancy
 + Level 5.8 Translocations
 + Level 5.3 Transmutations
 + Level 5.3 Fire Magic
 + Level 5.3 Ice Magic
 + Level 5.3 Air Magic
 + Level 5.3 Earth Magic
 + Level 5.3 Poison Magic
 + Level 7.0 Invocations
 + Level 6.4 Evocations


You had 12 spell levels left.
You knew the following spells:

 Your Spells              Type           Power        Failure   Level
a - Magic Dart            Conj           ####         1%          1
b - Blink                 Tloc           N/A          1%          2
c - Wereblood             Tmut           #####...     1%          2
d - Mephitic Cloud        Conj/Pois/Air  #####...     1%          3
e - Call Imp              Summ           #####...     1%          2
f - Blade Hands           Tmut           #####.....   14%         5
g - Poisonous Vapours     Pois/Air       #####.       1%          2

Your spell library contained the following spells:

 Spells                   Type           Power        Failure   Level
 Beastly Appendage        Tmut           #####.       1%          1
 Slow                     Hex            #####...     1%          2
 Conjure Flame            Conj/Fire      #####...     1%          3
 Spider Form              Tmut/Pois      #####.....   1%          3
 Ice Form                 Ice/Tmut       #####...     4%          4
 Freezing Cloud           Conj/Ice/Air   #####.....   58%         6


Dungeon Overview and Level Annotations

Branches:
Dungeon (12/15)            Temple (1/1) D:6            Lair (1/6) D:10
Ossuary (visited)         Gauntlet (1/1)
    Orc: D:9-12

Altars:
Ashenzari
Elyvilon
Gozag
Hepliaklqana
Kikubaaqudgha
Makhleb
Nemelex Xobeh
Okawaru
Ru
Sif Muna
Vehumet
Wu Jian
Xom
Zin
The Shining One

Annotations:
D:10 1 runed translucent door Gauntlet 5 transporters


Innate Abilities, Weirdness & Mutations

Your experience applies equally to all skills.
You have very sharp teeth.
Your uncanny sense of smell can sniff out nearby items.
You have a pair of small antennae on your head.
You have supernaturally acute eyesight. (SInv)
Armour fits poorly on your strangely shaped body.
[Scrolls take you longer to read.]
[Potions are poor at restoring your health.]


Message History

The minotaur zombie gores you but does no damage.
Press: ? - help, v - describe, . - travel
Here: a minotaur zombie (heavily damaged, covered in acid)
The floor.
Evoke which item? (* to show all) (? for menu, Esc to quit)
Aiming: Corrosive Bolt
Press: ? - help, Shift-Dir - straight line The bolt of acid hits the minotaur zombie!
The minotaur zombie is splashed with acid.
The minotaur zombie is severely damaged.
Evoke which item? (* to show all) (? for menu, Esc to quit)
Aiming: Corrosive Bolt
Press: ? - help, Shift-Dir - straight line The bolt of acid hits the minotaur zombie!
The minotaur zombie is splashed with acid.
The minotaur zombie is almost destroyed.
The minotaur zombie hits you!!
* * * LOW HITPOINT WARNING * * *
The minotaur zombie gores you!
You die...

################
..............§#
...............#
..###########..###
8.##......^##..#8#
..#§#^....#.#..###
###.§#...#..#..#####
..#Y.Y#^#..p#..#≈8≈#
.©#...©#..YY#..#@..# #
..#...#^#..Y#..#Z8.# ..
###..#...#.Y#..#...##.#
..#.#^Y§..#Y#..#.8....#
§.##.......##..#...##.#
.§###########..#...# ..
§.............≈#.©.# .
8≈............∩#......#
≈.............≈#.©.##.#


You could see 5 death yaks, a necromancer and a minotaur zombie (corroded).

Vanquished Creatures
  A death yak (Gauntlet)
  An ugly thing (D:12)
  A cyclops (D:11)
  Maggie (D:9)
  A komodo dragon (D:10)
  A freezing wraith (D:11)
  2 trolls
  2 hornets
  Grinder (D:3)
  A wraith (D:11)
  A shadow (D:11)
  2 small abominations (Gauntlet)
  Menkaure (D:5)
  An acid dragon (D:11)
  3 water moccasins
  4 orc warriors
  A black bear (D:10)
  5 ice beasts
  A sky beast (D:9)
  A necrophage (D:9)
  2 phantoms
  4 centaurs
  4 ogres
  4 big kobolds
  11 bullfrogs
  A water moccasin skeleton (D:11)
  5 scorpions
  8 wights
  9 killer bees
  A howler monkey (D:9)
  A quasit (D:9)
  3 bullfrog zombies
  4 centaur zombies
  3 hounds
  2 orc priests
  2 bullfrog skeletons
  2 centaur skeletons
  3 jellies
  2 iguanas
  8 orc wizards
  4 worker ants
  A killer bee zombie (D:8)
  A big kobold zombie (Ossuary)
  4 hound skeletons
  2 mummies (Ossuary)
  A howler monkey zombie (D:7)
  7 adders
  5 white imps
  An ufetubus (D:10)
  An adder zombie (D:4)
  2 adder skeletons
  2 worms
  3 dart slugs
  4 leopard geckos
  35 orcs
  3 bats
  7 giant cockroaches
  A gnoll zombie (Ossuary)
  12 goblins
  6 hobgoblins
  10 jackals
  23 kobolds
  5 quokkas
  A ball python (D:1)
  4 frilled lizards
  A goblin zombie (Ossuary)
  2 hobgoblin zombies (Ossuary)
  A leopard gecko skeleton (D:8)
  2 orc zombies (Ossuary)
  A quokka skeleton (D:7)
  2 rats (D:1)
265 creatures vanquished.

Vanquished Creatures (collateral kills)
  A swamp drake (D:7)
  A black bear (shapeshifter) (D:12)
  An ogre (D:7)
  2 bullfrogs
  A killer bee (D:12)
  Crazy Yiuf (D:2)
  An orc priest (D:8)
  3 orc wizards
  An iguana (D:6)
  A worker ant (D:8)
  4 adders
  3 worms
  2 dart slugs (D:2)
  4 orcs
  A goblin (D:3)
  A hobgoblin (D:2)
  9 jackals
  A kobold (D:2)
  A bat (D:1)
  A frilled lizard (D:2)
  2 rats (D:1)
42 creatures vanquished.

Vanquished Creatures (others)
  A wight (D:6)
  14 demonic plants (Gauntlet)
  45 fungi (D:10)
  57 plants
  4 withered plants (D:2)
121 creatures vanquished.

Grand Total: 428 creatures vanquished

Notes
Turn   | Place    | Note
-------+----------+-------------------------------------------
     0 | D:1      | Ignak the Gnoll Hedge Wizard began the quest for the Orb.
     0 | D:1      | Reached XP level 1. HP: 13/13 MP: 8/8
   301 | D:1      | Reached XP level 2. HP: 19/19 MP: 10/10
   304 | D:1      | Learned a level 2 spell: Blink
   307 | D:1      | Learned a level 2 spell: Call Imp
   927 | D:1      | Reached XP level 3. HP: 17/25 MP: 4/11
  1226 | D:2      | Reached skill level 1 in Invocations
  1321 | D:2      | Found an ancient bone altar of Kikubaaqudgha.
  1467 | D:2      | Reached skill level 1 in Fighting
  1467 | D:2      | Reached skill level 1 in Short Blades
  1467 | D:2      | Reached skill level 1 in Long Blades
  1467 | D:2      | Reached skill level 1 in Axes
  1467 | D:2      | Reached skill level 1 in Maces & Flails
  1467 | D:2      | Reached skill level 1 in Polearms
  1467 | D:2      | Reached skill level 1 in Staves
  1467 | D:2      | Reached skill level 1 in Slings
  1467 | D:2      | Reached skill level 1 in Bows
  1467 | D:2      | Reached skill level 1 in Crossbows
  1467 | D:2      | Reached skill level 1 in Throwing
  1467 | D:2      | Reached skill level 1 in Armour
  1467 | D:2      | Reached skill level 1 in Shields
  1467 | D:2      | Reached skill level 1 in Unarmed Combat
  1467 | D:2      | Reached skill level 1 in Evocations
  1684 | D:2      | Reached XP level 4. HP: 32/32 MP: 13/13
  1751 | D:2      | Found a runed translucent door.
  1752 | D:2      | Noticed Crazy Yiuf
  1762 | D:2      | Learned a level 3 spell: Mephitic Cloud
  1788 | D:2      | Killed Crazy Yiuf
  1789 | D:2      | Reached skill level 1 in Hexes
  1789 | D:2      | Reached skill level 1 in Necromancy
  1789 | D:2      | Reached skill level 1 in Transmutations
  1789 | D:2      | Reached skill level 1 in Fire Magic
  1789 | D:2      | Reached skill level 1 in Ice Magic
  1789 | D:2      | Reached skill level 1 in Air Magic
  1789 | D:2      | Reached skill level 1 in Earth Magic
  1789 | D:2      | Reached skill level 1 in Poison Magic
  2053 | D:2      | Reached XP level 5. HP: 19/37 MP: 14/14
  2673 | D:3      | Noticed Grinder
  2705 | D:3      | Killed Grinder
  2706 | D:3      | Reached XP level 6. HP: 19/44 MP: 10/16
  2746 | D:3      | Gained mutation: You occasionally shout uncontrollably at
                  | your foes. [potion of mutation]
  2746 | D:3      | Gained mutation: You can translocate small distances at
                  | will. [potion of mutation]
  2746 | D:3      | Gained mutation: You are robust. (+10% HP) [potion of
                  | mutation]
  2783 | D:3      | Reached skill level 5 in Dodging
  3439 | D:4      | Learned a level 2 spell: Wereblood
  3659 | D:3      | Reached XP level 7. HP: 45/56 MP: 2/18
  4461 | D:5      | Entered Level 5 of the Dungeon
  4582 | D:5      | Found an ornate altar of the Wu Jian Council.
  4815 | D:5      | Noticed Menkaure
  4825 | D:5      | Killed Menkaure
  4826 | D:5      | Reached skill level 5 in Stealth
  5179 | D:5      | Noticed Edmund
  5196 | D:5      | Noticed Edmund
  5196 | D:5      | Edmund changed into Edmund the bullfrog
  5204 | D:5      | Killed Edmund the bullfrog
  5205 | D:5      | Reached XP level 8. HP: 61/62 MP: 19/19
  5434 | D:5      | Found a glowing golden altar of the Shining One.
  5434 | D:5      | Found a glowing silver altar of Zin.
  5434 | D:5      | Found a white marble altar of Elyvilon.
  5675 | D:6      | Found a staircase to the Ecumenical Temple.
  5684 | Temple   | Entered the Ecumenical Temple
  5723 | Temple   | Became a worshipper of Sif Muna the Loreminder
  5810 | D:6      | Reached skill level 8 in Spellcasting
  6314 | D:6      | Found a burning altar of Makhleb.
  6568 | D:7      | Reached XP level 9. HP: 61/71 MP: 21/21
  6823 | D:7      | Reached * piety under Sif Muna
  6870 | D:7      | Got an ancient robe
  6881 | D:7      | Identified the +2 robe of the Echidna {rElec Str-5 Int+3
                  | Dex+6} (You found it on level 7 of the Dungeon)
  7369 | D:8      | Found a glowing golden altar of the Shining One.
  7927 | D:8      | Found a sand-covered staircase.
  7936 | Ossuary  | Entered an ossuary
  8056 | Ossuary  | Lost mutation: You occasionally shout uncontrollably at
                  | your foes. [potion of mutation]
  8056 | Ossuary  | Gained mutation: Your magical capacity is low. (-10% MP)
                  | [potion of mutation]
  8056 | Ossuary  | Gained mutation: You have large cloven feet. [potion of
                  | mutation]
  8099 | Ossuary  | Reached skill level 5 in Invocations
  8228 | Ossuary  | Lost mutation: You are robust. (+10% HP) [potion of
                  | mutation]
  8228 | Ossuary  | Lost mutation: You can translocate small distances at will.
                  | [potion of mutation]
  8228 | Ossuary  | Gained mutation: [Potions are less effective at restoring
                  | your health.] [potion of mutation]
  8228 | Ossuary  | Gained mutation: You expend magic power (3 MP) to
                  | strengthen your wands. [potion of mutation]
  8229 | Ossuary  | Lost mutation: [Potions are less effective at restoring
                  | your health.] [potion of mutation]
  8229 | Ossuary  | Lost mutation: You have large cloven feet. [potion of
                  | mutation]
  8229 | Ossuary  | Lost mutation: Your magical capacity is low. (-10% MP)
                  | [potion of mutation]
  8229 | Ossuary  | Gained mutation: You are weak. (Str -2) [potion of
                  | mutation]
  8229 | Ossuary  | Gained mutation: You evolve. [potion of mutation]
  8683 | D:8      | Reached ** piety under Sif Muna
  9057 | D:9      | Reached XP level 10. HP: 70/73 MP: 22/22
  9255 | D:9      | Reached skill level 5 in Fighting
  9255 | D:9      | Reached skill level 5 in Short Blades
  9255 | D:9      | Reached skill level 5 in Long Blades
  9255 | D:9      | Reached skill level 5 in Axes
  9255 | D:9      | Reached skill level 5 in Maces & Flails
  9255 | D:9      | Reached skill level 5 in Polearms
  9255 | D:9      | Reached skill level 5 in Staves
  9255 | D:9      | Reached skill level 5 in Slings
  9255 | D:9      | Reached skill level 5 in Bows
  9255 | D:9      | Reached skill level 5 in Crossbows
  9255 | D:9      | Reached skill level 5 in Throwing
  9255 | D:9      | Reached skill level 5 in Armour
  9255 | D:9      | Reached skill level 5 in Shields
  9255 | D:9      | Reached skill level 5 in Unarmed Combat
  9255 | D:9      | Reached skill level 5 in Evocations
  9941 | D:9      | Noticed Maggie
  9950 | D:9      | Learned a level 5 spell: Blade Hands
  9985 | D:9      | Killed Maggie
  9986 | D:9      | Reached skill level 9 in Spellcasting
 10225 | D:10     | Entered Level 10 of the Dungeon
 10554 | D:10     | Reached *** piety under Sif Muna
 10555 | D:10     | Reached skill level 5 in Conjurations
 10555 | D:10     | Reached skill level 5 in Summonings
 10555 | D:10     | Reached skill level 5 in Translocations
 10798 | D:11     | Noticed a cyclops
 11066 | D:10     | Gained mutation: Your body sometimes deteriorates upon
                  | taking damage. [evolution]
 11080 | D:11     | Lost mutation: You are weak. (Str -2) [potion of mutation]
 11080 | D:11     | Lost mutation: Your body sometimes deteriorates upon taking
                  | damage. [potion of mutation]
 11080 | D:11     | Lost mutation: You expend magic power (3 MP) to strengthen
                  | your wands. [potion of mutation]
 11080 | D:11     | Gained mutation: You have extremely sharp teeth. [potion of
                  | mutation]
 11171 | D:11     | Found a broken altar of Ashenzari.
 11943 | D:11     | Reached XP level 11. HP: 36/80 MP: 24/24
 12277 | D:11     | Lost mutation: You evolve. [end of evolution]
 12355 | D:11     | Killed a cyclops
 12561 | D:11     | Reached skill level 5 in Hexes
 12561 | D:11     | Reached skill level 5 in Necromancy
 12561 | D:11     | Reached skill level 5 in Transmutations
 12561 | D:11     | Reached skill level 5 in Fire Magic
 12561 | D:11     | Reached skill level 5 in Ice Magic
 12561 | D:11     | Reached skill level 5 in Air Magic
 12561 | D:11     | Reached skill level 5 in Earth Magic
 12561 | D:11     | Reached skill level 5 in Poison Magic
 13255 | D:12     | Noticed a red ugly thing
 13263 | D:12     | Killed a red ugly thing
 13875 | D:12     | Noticed a skeletal warrior
 13876 | D:12     | Noticed a skeletal warrior
 13878 | D:12     | Noticed a skeletal warrior
 13878 | D:12     | Noticed a skeletal warrior
 13938 | D:10     | Found a staircase to the Lair.
 13976 | D:10     | Reached **** piety under Sif Muna
 13989 | D:10     | Learned a level 2 spell: Poisonous Vapours
 14506 | D:10     | Found a runed translucent door.
 14506 | D:10     | Noticed a sphinx
 14506 | D:10     | Noticed a fire dragon
 14506 | D:10     | Identified the cursed +0 troll leather armour of Protective
                  | Custody {*Corrode rN+ Regen+ Dex+2}
 14506 | D:10     | Noticed an ogre mage
 14508 | D:10     | Noticed a deep troll earth mage
 14508 | D:10     | Noticed a shadow dragon
 14508 | D:10     | Noticed a deep troll
 14508 | D:10     | Noticed a stone giant
 14508 | D:10     | Noticed an ettin
 14509 | D:10     | Noticed a quicksilver dragon
 14509 | D:10     | a shadow dragon changed into a quicksilver dragon
 14665 | D:10     | Noticed a quicksilver dragon
 14670 | D:10     | Noticed a minotaur
 14670 | D:10     | a quicksilver dragon changed into a minotaur
 14694 | Lair:1   | Entered Level 1 of the Lair of Beasts
 14805 | Lair:1   | Found a gate leading to a gauntlet.
 14814 | Gauntlet | Entered a Gauntlet
 14814 | Gauntlet | Found a transporter.
 14814 | Gauntlet | Found a transporter.
 14814 | Gauntlet | Found a transporter.
 14814 | Gauntlet | Noticed a wretched star
 14816 | Gauntlet | Found a transporter.
 14821 | Gauntlet | Noticed a catoblepas
 14827 | Gauntlet | Found a transporter.
 14831 | Gauntlet | Noticed a catoblepas
 14836 | Gauntlet | Found a transporter.
 14844 | Gauntlet | Noticed a death yak
 14845 | Gauntlet | Found a transporter.
 14845 | Gauntlet | Noticed a death yak
 14845 | Gauntlet | Noticed a death yak
 14846 | Gauntlet | Found a transporter.
 14846 | Gauntlet | Noticed a death yak
 14846 | Gauntlet | Noticed a death yak
 14846 | Gauntlet | Identified the ring of Vanity {rF+ rC- rN+ AC+4 Int+2}
 14846 | Gauntlet | Noticed a necromancer
 14850 | Gauntlet | Noticed a death yak
 14929 | Gauntlet | Found a transporter.
 15230 | Gauntlet | Got an ancient hat
 15232 | Gauntlet | Lost mutation: You have extremely sharp teeth. [potion of
                  | mutation]
 15232 | Gauntlet | Gained mutation: You are dopey. (Int -2) [potion of
                  | mutation]
 15232 | Gauntlet | Lost mutation: You are dopey. (Int -2) [potion of mutation]
 15232 | Gauntlet | Gained mutation: You are agile. (Dex +2) [potion of
                  | mutation]
 15233 | Gauntlet | Lost mutation: You are agile. (Dex +2) [potion of mutation]
 15233 | Gauntlet | Gained mutation: Armour fits poorly on your strangely
                  | shaped body. [potion of mutation]
 15233 | Gauntlet | Gained mutation: You have a pair of small antennae on your
                  | head. [potion of mutation]
 15233 | Gauntlet | Gained mutation: You have supernaturally acute eyesight.
                  | (SInv) [potion of mutation]
 15244 | Gauntlet | Identified the +0 hat of the Sunfish {Int+5} (You found it
                  | in a Gauntlet)
 15826 | Gauntlet | Got a pair of polished gloves
 15848 | Gauntlet | Killed a death yak
 15854 | Gauntlet | HP: 4/83 [minotaur zombie (20)]
 15854 | Gauntlet | Slain by a minotaur zombie

Illustrated notes

Levels and vault maps discovered:
D:1:      psy_arrival_statuary, layout_loops_cross
D:2:      layout_basic, kiku_gazebo_garden_becter,
          chequers_serial_rivers_small_3, uniq_crazy_yiuf_cottage
D:3:      layout_loops_ring, uniq_grinder
D:4:      layout_cave_pods
D:5:      layout_cave_pods, good_gods_mini_temple, general_overflow_altar,
          uniq_menkaure, uniq_edmund
D:6:      layout_gridville, lemuel_doored_altar, minmay_temple_entry_ruins
D:7:      minmay_skewed_foursquare, layout_cave_pools
D:8:      layout_rooms, lightli_ossuary_entry_decrepit_ruins, tso_metal_star
D:9:      layout_long_grid, uniq_maggie
D:10:     minmay_gate_of_8, layout_long_grid, due_lair_maze_entry_diamond
D:11:     layout_grid_maze, basic_altar
D:12:     layout_irregular_city, kennysheep_orc_monster_closet_entryway,
          serial_column_ruins, column_ruins_hut_ruined,
          column_ruins_columns_straight, column_ruins_open_small,
          column_ruins_columns_T, column_ruins_grid_1, column_ruins_open_large,
          minivault_7
Temple:   regret_index_temple_sphere_string
Lair:1:   layout_concentric_octagons, gauntlet_entry_generic,
          beast_lair_carwin_6, minmay_lair_oklob_chamber, grunt_megastairs_1
Gauntlet: gammafunk_gauntlet_shortcut [gammafunk_gauntlet_arena_spirals,
          nicolae_gauntlet_arena_x, nicolae_gauntlet_swirl,
          gammafunk_gauntlet_arena_arrow_garden, nicolae_gauntlet_arena_grate_2,
          gammafunk_gauntlet_arena_grid, gauntlet_exit_hidden_loot]

Skill      XL: |  1  2  3  4  5  6  7  8  9 10 11 |
---------------+----------------------------------+-----
Conjurations   | 2 3 4 5 |  5.8
Summonings     | 2 3 4 5 |  5.8
Translocations | 2 3 4 5 |  5.8
Invocations    | 1 2 3 4 5 6 7 |  7.0
Fighting       | 1 2 3 4 5 6 |  6.4
Short Blades   | 1 2 3 4 5 6 |  6.4
Long Blades    | 1 2 3 4 5 6 |  6.4
Axes           | 1 2 3 4 5 6 |  6.4
Maces & Flails | 1 2 3 4 5 6 |  6.4
Polearms       | 1 2 3 4 5 6 |  6.4
Staves         | 1 2 3 4 5 6 |  6.4
Slings         | 1 2 3 4 5 6 |  6.4
Bows           | 1 2 3 4 5 6 |  6.4
Crossbows      | 1 2 3 4 5 6 |  6.4
Throwing       | 1 2 3 4 5 6 |  6.4
Armour         | 1 2 3 4 5 6 |  6.4
Shields        | 1 2 3 4 5 6 |  6.4
Unarmed Combat | 1 2 3 4 5 6 |  6.4
Evocations     | 1 2 3 4 5 6 |  6.4
Hexes          | 1 2 3 4 5 |  5.3
Necromancy     | 1 2 3 4 5 |  5.3
Transmutations | 1 2 3 4 5 |  5.3
Fire Magic     | 1 2 3 4 5 |  5.3
Ice Magic      | 1 2 3 4 5 |  5.3
Air Magic      | 1 2 3 4 5 |  5.3
Earth Magic    | 1 2 3 4 5 |  5.3
Poison Magic   | 1 2 3 4 5 |  5.3
Dodging        | 5 6 7 8 |  8.0
Stealth        | 5 6 7 |  7.7
Spellcasting   | 8 9 |  9.6

Action                   |  1- 3 |  4- 6 |  7- 9 | 10-12 || total
-------------------------+-------+-------+-------+-------++-------
Melee: Spear             |    94 |    17 |       |       ||   111
       Dagger            |     9 |       |    29 |   160 ||   198
       Bite              |    14 |    14 |    71 |    89 ||   188
       Quarterstaff      |       |    66 |   377 |       ||   443
       War axe           |       |       |       |   369 ||   369
       Unarmed           |       |       |       |     3 ||     3
 Cast: Call Imp          |    14 |    16 |    26 |    21 ||    77
       Blink             |     1 |     1 |     1 |    12 ||    15
       Magic Dart        |     2 |       |     4 |     1 ||     7
       Mephitic Cloud    |       |     3 |    12 |    14 ||    29
       Wereblood         |       |       |     6 |     7 ||    13
       Blade Hands       |       |       |       |     1 ||     1
       Poisonous Vapours |       |       |       |     3 ||     3
 Abil: Blink             |       |     1 |       |       ||     1
Evoke: Wand              |       |       |     5 |    25 ||    30
  Use: Scroll            |     2 |       |    13 |    12 ||    27
       Potion            |       |     7 |     9 |     5 ||    21
 Stab: Sleeping          |     7 |     7 |    12 |    11 ||    37
       Confused          |       |     6 |     6 |     9 ||    21
       Distracted        |       |     1 |     1 |     4 ||     6
       Petrified         |       |       |    19 |       ||    19
       Petrifying        |       |       |     2 |       ||     2
       Paralysed         |       |       |     1 |       ||     1
Armor: Robe              |    10 |     5 |    53 |   134 ||   202
       Ring mail         |       |     4 |    87 |       ||    91
Dodge: Dodged            |    85 |    63 |   367 |   582 ||  1097
Block: Buckler           |       |       |    10 |   237 ||   247

Table legend: (Time is in decaauts)
 A = Elapsed time spent in this place.
 B = Non-inter-level travel time spent in this place.
 C = Inter-level travel time spent in this place.
 D = Time resting spent in this place.
 E = Time spent auto-exploring this place.
 F = Levels seen in this place.
 G = Mean time per level.
                   A        B        C        D        E       F      G
               +--------+--------+--------+--------+--------+-----+--------+
         Total |  15988 |  15644 |    344 |   4426 |   5891 |  16 |  999.2 |
       Dungeon |  14408 |  14085 |    323 |   3739 |   5861 |  12 | 1200.7 |
        Temple |     61 |     40 |     21 |      0 |     30 |   1 |   61.0 |
          Lair |    123 |    123 |      0 |      4 |      0 |   1 |  123.0 |
       Ossuary |    352 |    352 |      0 |     72 |      0 |   1 |  352.0 |
      Gauntlet |   1042 |   1042 |      0 |    611 |      0 |   1 | 1042.0 |
               +--------+--------+--------+--------+--------+-----+--------+

Top non-repeatable levels by time:
    D:11: 1834 daAuts
    D:10: 1683 daAuts
     D:2: 1537 daAuts
     D:7: 1514 daAuts
     D:5: 1200 daAuts
     D:9: 1148 daAuts
Gauntlet: 1042 daAuts
    D:12: 1036 daAuts
     D:1: 1034 daAuts
     D:4: 970 daAuts
     D:3: 947 daAuts
     D:6: 753 daAuts
     D:8: 747 daAuts
 Ossuary: 352 daAuts
  Lair:1: 123 daAuts
